Map: Pillars of Gold LE

Players

Kronik

  • Race: Terran Terran
  • League: Diamond
  • Spawn Location: 1:00

Massa - Winner!

  • Race: Terran Terran
  • League: Platinum
  • Spawn Location: 7:00

VOD

Have the link to the VOD?

Description

Time

  • Played on: Oct. 24, 2020, 1:51 p.m.
  • Length: 21:19
Show
View Real Time Build Order
Export as new Build Order

Kronik Terran 

Build Orders:  

Get SALT Encoding   

  12  0:00  SCV  
  13  0:12  SCV  
  14  0:19  Supply Depot  
  14  0:24  SCV  
  15  0:31  Refinery  
  15  0:41  SCV  
  16  0:47  Barracks  
  16  0:53  SCV  
  17  1:05  SCV  
  18  1:17  SCV  
  18  1:18  Supply Depot  
  19  1:26  Refinery  
  19  1:29  SCV  
  20  1:39  Marine  
  21  1:41  SCV  
  22  1:50  Factory  
  22  1:53  SCV  
  23  1:57  Marine  
  24  2:05  SCV  
  25  2:17  Marine  
  26  2:35  Factory Tech Lab  
  26  2:36  Command Center  
  26  2:41  Starport  
  26  2:43  SCV  
  27  2:54  Siege Tank  
  27  2:58  SCV  
  31  3:03  Barracks Tech Lab  
  31  3:20  Orbital Command  
  31  3:24  Supply Depot  
  31  3:27  Stimpack  
  31  3:35  Supply Depot  
  31  3:46  SCV, Marine  
  33  3:55  Viking  
  35  3:58  SCV  
  36  4:03  Marine  
  36  4:05  Siege Tank  
  40  4:11  SCV  
  41  4:23  SCV  
  42  4:25  Medivac  
  44  4:33  SCV  
  44  4:35  SCV  
  44  4:36  Marine  
  47  4:45  SCV  
  47  4:47  SCV, Siege Tank  
  52  4:53  Marine  
  52  4:56  Starport Reactor  
  52  4:57  SCV  
  52  4:59  SCV  
  55  5:11  Marine  
  56  5:14  SCV  
  56  5:16  SCV, Engineering Bay  
  56  5:18  Engineering Bay  
  56  5:19  Siege Tank  
  61  5:28  SCV  
  62  5:30  Refinery  
  62  5:34  Refinery  
  62  5:35  Supply Depot  
  62  5:37  Orbital Command  
  62  5:45  Terran Infantry Armor Level 1, Terran Infantry Weapons Level 1  
  62  5:49  Missile Turret  
  62  5:52  Missile Turret  
  62  6:02  Marauder  
  64  6:09  Medivac  
  64  6:10  Medivac  
  68  6:24  Marauder  
  65  6:28  SCV  
  63  6:39  Siege Tank  
  66  6:40  SCV  
  66  6:45  Marine  
  68  6:47  SCV  
  68  6:49  Barracks  
  68  6:50  Barracks  
  68  6:52  SCV  
  70  7:02  Marine  
  70  7:03  SCV  
  70  7:05  SCV  
  73  7:17  SCV  
  73  7:21  Marauder  
  75  7:29  SCV  
  64  7:39  Marine x2  
  64  7:42  Marine  
  67  7:57  Marine x2  
  66  8:00  Marauder  
  57  8:20  Command Center  
  57  8:21  Marauder  
  58  8:30  Barracks Reactor  
  56  8:35  Barracks Reactor  
  50  8:43  Marauder  
  52  8:51  SCV  
  53  9:01  Siege Tank  
  56  9:03  SCV  
  56  9:04  Marauder  
  59  9:10  Viking x2  
  59  9:12  Combat Shield  
  59  9:14  Marine x4  
  59  9:15  SCV  
  68  9:26  Marauder  
  68  9:28  SCV  
  71  9:31  Marine  
  71  9:32  Marine x3, Supply Depot  
  71  9:34  Siege Tank  
  78  9:39  Planetary Fortress  
  78  9:40  SCV  
  79  9:47  SCV, Marauder  
  79  9:49  Marine x4  
  79  9:52  SCV  
  87  9:58  Medivac  
  87  9:59  SCV, Medivac  
  92  10:04  SCV  
  92  10:06  Siege Tank  
  96  10:07  Marine x4  
  96  10:08  Marine  
  96  10:11  SCV  
  102  10:16  SCV  
  103  10:23  SCV  
  103  10:24  Armory  
  103  10:25  Marine x4  
  108  10:31  Marauder  
  108  10:36  SCV  
  109  10:43  SCV x2, Marine x2, Siege Tank  
  109  10:47  Supply Depot x2  
  109  10:48  SCV  
  117  10:51  Supply Depot  
  117  10:52  Marauder  
  117  10:55  SCV x2  
  121  11:00  SCV  
  122  11:04  Sensor Tower  
  122  11:08  SCV x2  
  124  11:13  SCV, Marauder  
  124  11:17  Marine x4  
  131  11:25  Terran Vehicle Weapons Level 1  
  131  11:34  Marine x2  
  131  11:35  Marine x3  
  131  11:36  Refinery  
  131  11:38  Refinery  
  136  11:44  Terran Infantry Weapons Level 2  
  136  11:45  Terran Infantry Armor Level 2  
  136  11:52  Marine x2  
  136  11:53  Marauder, Marine x2  
  142  12:07  Viking x2  
  146  12:10  Starport  
  146  12:14  Marauder  
  148  12:28  Command Center  
  148  12:30  Marine x3  
  148  12:31  Marine  
  148  12:33  SCV  
  148  12:34  SCV  
  148  12:35  Marauder  
  148  12:36  SCV  
  157  12:37  Viking x2  
  157  12:43  Supply Depot  
  161  12:48  Marine x2  
  163  12:58  Marauder  
  165  13:04  Marine x2  
  167  13:07  Supply Depot  
  167  13:12  Sensor Tower  
  167  13:19  Starport Tech Lab, Marauder, Viking  
  171  13:20  Terran Vehicle And Ship Armor Level 1, Viking  
  171  13:21  Fusion Core  
  173  13:29  Concussive Shells  
  173  13:40  Planetary Fortress  
  173  13:48  Sensor Tower  
  173  14:13  Marine x5  
  176  14:30  Marine, Siege Tank  
  176  14:31  Marauder, Marine x3  
  184  14:48  Marine x2  
  184  14:49  Marine x2  
  187  14:53  Marauder  
  185  15:02  Siege Tank  
  185  15:06  Marine x2  
  177  15:12  Marine x2  
  170  15:14  Marauder  
  170  15:24  Marine x2  
  172  15:30  Marine x2  
  172  15:34  Siege Tank  
  144  15:35  Marauder  
  144  15:42  Marine x2  
  113  15:48  Marine x2  
  113  15:57  Marauder  
  113  15:59  Marine  
  113  16:00  SCV, Marine  
  116  16:05  Marine x2  
  116  16:06  Siege Tank  
  116  16:10  Starport, Weapon Refit, Terran Ship Weapons Level 1  
  116  16:11  Starport x2  
  121  16:13  SCV  
  121  16:17  Marine x2  
  126  16:18  Marauder  
  126  16:23  Marine x2  
  126  16:25  SCV  
  123  16:35  Marine x2  
  123  16:37  SCV  
  113  16:40  Marauder  
  113  16:41  Marine  
  90  16:49  SCV  
  91  16:55  Starport Tech Lab x2  
  91  16:56  Starport Tech Lab  
  91  17:00  Marine x4  
  95  17:01  Marauder  
  95  17:09  Medivac x2  
  99  17:17  Marine  
  99  17:18  Marine x3, Battlecruiser x3  
  99  17:22  Marauder  
  123  17:35  Marine  
  123  17:36  Marine x3  
  121  17:39  Medivac x2  
  121  17:44  Marauder  
  94  17:53  Marine x4  
  94  17:55  SCV x4  
  98  18:05  Marauder  
  99  18:07  SCV x3  
  99  18:11  Marine x4  
  105  18:25  Starport Tech Lab  
  105  18:26  Marauder  
  107  18:43  Marine x4  
  107  18:48  Marauder  
  113  18:49  Terran Vehicle Weapons Level 2  
  113  18:55  Orbital Command  
  112  19:01  Refinery, Marine x4  
  116  19:03  Refinery  
  116  19:09  Marauder  
  118  19:19  Marine x4  
  122  19:25  Battlecruiser x2  
  122  19:30  Marine  
  135  19:36  Marine, Battlecruiser  
  135  19:37  Marine x2  
  99  20:46  Marine x5  
Show
View Real Time Build Order
Export as new Build Order

Massa Terran - Winner!

Build Orders: Liberator Opening 

Get SALT Encoding   

  12  0:00  SCV  
  13  0:12  SCV  
  14  0:20  Supply Depot  
  14  0:24  SCV  
  15  0:42  SCV  
  16  0:46  Barracks  
  16  0:54  SCV  
  16  0:56  Refinery  
  17  1:06  SCV  
  18  1:18  SCV  
  19  1:36  Marine  
  20  1:40  Command Center  
  20  1:46  Orbital Command  
  20  1:57  Reaper  
  21  2:10  Refinery  
  21  2:12  SCV  
  22  2:25  Factory  
  22  2:31  Supply Depot  
  22  2:36  SCV  
  23  2:47  Barracks Reactor  
  23  2:52  SCV  
  23  2:54  Orbital Command  
  24  3:04  SCV  
  25  3:11  Starport  
  25  3:16  SCV  
  26  3:24  SCV  
  27  3:27  Factory Tech Lab  
  27  3:28  SCV  
  27  3:31  Marine x2  
  27  3:33  Supply Depot  
  30  3:36  SCV  
  30  3:40  SCV  
  32  3:41  Barracks  
  32  3:46  Siege Tank  
  35  3:49  Marine x2  
  35  3:55  Liberator  
  40  3:59  SCV x2  
  42  4:06  Marine  
  42  4:07  Marine  
  44  4:11  SCV x2  
  46  4:23  SCV x2  
  48  4:24  Marine x2  
  48  4:29  Widow Mine  
  52  4:32  Barracks Tech Lab  
  52  4:35  SCV x2  
  54  4:43  Supply Depot  
  54  4:48  Supply Depot  
  54  4:52  Engineering Bay  
  54  5:01  Refinery  
  54  5:03  Refinery, Stimpack  
  54  5:05  Liberator, Marine x2, SCV x2  
  61  5:08  Supply Depot  
  61  5:16  Armory  
  61  5:17  SCV x2  
  63  5:22  Marine x2  
  63  5:27  Widow Mine  
  67  5:29  SCV x2  
  67  5:35  Command Center  
  69  5:37  Terran Infantry Weapons Level 1  
  69  5:41  SCV x2  
  71  5:45  Marine x2  
  71  5:46  Marauder  
  71  5:48  Widow Mine  
  77  5:59  Supply Depot  
  77  6:03  Marine  
  78  6:08  Missile Turret  
  78  6:12  Missile Turret  
  78  6:20  Medivac  
  78  6:21  Marauder, Siege Tank  
  82  6:28  Marine x2  
  81  6:42  Marauder  
  81  6:43  SCV  
  81  6:44  SCV  
  81  6:45  Marine  
  81  6:46  Marine  
  87  6:50  Medivac  
  89  6:55  SCV  
  89  6:56  SCV  
  91  7:03  Marine  
  91  7:04  Marauder  
  91  7:08  SCV x2  
  96  7:09  Orbital Command  
  96  7:20  SCV x2  
  94  7:32  SCV x2  
  90  7:38  Liberator  
  93  7:49  Supply Depot  
  93  7:50  Supply Depot  
  93  7:51  Supply Depot x2  
  89  8:12  SCV x3  
  88  8:14  Supply Depot x2  
  83  8:24  SCV  
  78  8:50  SCV  
  78  8:51  SCV x2  
  81  8:59  Siege Tank  
  81  9:01  Barracks Reactor  
  84  9:03  SCV x3  
  84  9:06  Supply Depot  
  84  9:08  Supply Depot  
  87  9:24  Combat Shield  
  87  9:27  Starport Reactor  
  87  9:28  Barracks x2  
  87  9:30  Terran Infantry Armor Level 1  
  87  9:31  SCV x2, Siege Tank, Supply Depot  
  87  9:32  SCV  
  87  9:36  Refinery  
  93  9:43  SCV, Barracks  
  93  9:44  SCV, Barracks  
  95  9:54  Supply Depot  
  95  9:58  Marauder, Marine x2  
  99  10:04  Siege Tank  
  99  10:05  Command Center  
  102  10:11  Viking x2  
  106  10:16  Marine x2  
  106  10:18  Supply Depot  
  106  10:19  Marauder  
  110  10:26  SCV x2  
  112  10:28  Refinery  
  112  10:33  Barracks, Marine  
  112  10:34  Marine  
  111  10:37  Refinery  
  111  10:40  Marauder  
  111  10:41  Viking x2, Supply Depot  
  117  10:43  Concussive Shells  
  117  10:50  Barracks Reactor, Barracks Tech Lab x2  
  117  10:51  Marine  
  117  10:52  Marine  
  119  11:02  Marauder  
  119  11:03  Engineering Bay  
  121  11:05  Terran Vehicle And Ship Armor Level 1  
  121  11:06  Supply Depot  
  121  11:09  Marine  
  121  11:10  Marine  
  121  11:11  Viking  
  125  11:20  SCV x2  
  125  11:21  SCV  
  125  11:23  Marauder  
  130  11:27  Sensor Tower, Marine x2  
  130  11:30  Sensor Tower, Supply Depot  
  130  11:32  SCV x2  
  134  11:33  SCV, Missile Turret  
  134  11:38  Marauder  
  134  11:39  Marauder, Marine x3  
  142  11:42  Siege Tank  
  142  11:44  SCV x2, Viking x2  
  142  11:45  SCV, Marauder, Marine x2  
  156  11:47  Planetary Fortress  
  156  11:53  Supply Depot  
  156  11:54  Missile Turret  
  156  11:56  SCV, Marine  
  156  11:57  SCV x2, Marine x2  
  156  11:59  Marauder  
  156  12:00  Marauder  
  166  12:02  Marine  
  166  12:03  Marine  
  166  12:06  Marauder  
  170  12:12  Missile Turret  
  170  12:14  Marine, Viking x2, Siege Tank  
  170  12:15  Marine x2  
  180  12:17  Missile Turret  
  180  12:19  Refinery x2  
  180  12:20  Marine  
  180  12:21  Marauder x2, Marine  
  186  12:23  Sensor Tower  
  186  12:27  Marauder  
  186  12:29  Missile Turret  
  188  12:32  Marine x3  
  188  12:35  Missile Turret  
  191  12:38  Marine, Missile Turret  
  191  12:39  Marine  
  191  12:41  Supply Depot x2  
  191  12:42  Marauder, Supply Depot  
  191  12:43  Marauder, Supply Depot x2  
  191  12:44  Viking  
  199  12:45  Supply Depot  
  199  12:49  Missile Turret  
  199  12:50  Marine  
  200  12:57  Terran Infantry Armor Level 2, Terran Infantry Weapons Level 2  
  200  12:58  Missile Turret  
  200  12:59  Terran Vehicle Weapons Level 1  
  200  13:05  Armory  
  200  13:09  Missile Turret  
  200  13:29  Missile Turret  
  200  13:50  Missile Turret  
  200  13:59  Command Center  
  200  14:12  Missile Turret  
  196  14:32  Missile Turret  
  154  15:17  Liberator x2  
  160  15:26  Planetary Fortress  
  144  15:39  Marauder x3, Marine  
  144  15:40  Marine x4  
  144  15:42  Siege Tank  
  109  15:57  Marine  
  109  15:58  Marine x4  
  109  16:00  Marauder, Medivac x2  
  109  16:01  Marauder x2  
  124  16:06  SCV, Command Center  
  125  16:13  Command Center  
  125  16:14  Missile Turret x2, Siege Tank  
  125  16:15  Marine x2, Command Center  
  125  16:16  Marine x2, Missile Turret  
  125  16:17  Terran Infantry Weapons Level 3, Terran Infantry Armor Level 3  
  125  16:18  Terran Vehicle And Ship Armor Level 2, SCV, Terran Vehicle Weapons Level 2  
  134  16:21  Barracks Tech Lab  
  134  16:22  Marauder x3  
  139  16:33  Marine x4  
  140  16:43  Marauder x2  
  140  16:44  Marauder  
  140  16:46  Siege Tank  
  140  17:04  Marauder  
  140  17:05  Marauder x2  
  146  17:18  Siege Tank  
  146  17:19  Factory x2  
  146  17:20  Factory  
  146  17:21  Factory  
  138  17:50  Siege Tank  
  139  17:57  Marauder  
  139  17:58  Marauder x3, Marine x4  
  141  18:15  Marine  
  141  18:16  Marine x3  
  141  18:19  Marauder x4  
  148  18:22  Refinery  
  148  18:25  Refinery  
  148  18:33  Marine, Missile Turret  
  148  18:34  Orbital Command, Marine x3, Missile Turret x2  
  149  18:36  Factory Tech Lab x4  
  149  18:40  Marauder x4  
  160  18:41  Missile Turret  
  160  18:42  Missile Turret x3  
  160  18:45  Refinery  
  160  18:46  Missile Turret  
  160  18:47  Refinery  
  160  18:48  Planetary Fortress  
  160  18:51  Marine  
  160  18:52  Marine x3  
  160  18:53  Planetary Fortress  
  155  18:57  Viking x2  
  155  19:01  Marauder  
  155  19:02  Marauder x3  
  167  19:03  Starport, Missile Turret  
  167  19:05  Starport  
  167  19:07  Starport  
  167  19:08  Missile Turret  
  167  19:11  Hi-Sec Auto Tracking, Neosteel Armor  
  167  19:23  Marauder, Marine x3  
  172  19:27  Viking x2  
  172  19:28  Smart Servos, Drilling Claws  
  172  19:29  Mag-Field Accelerator, Infernal Pre-Igniter  
  176  19:31  Thor x2  
  176  19:32  Thor x2  
Tags
 
Add a new tag
Caveats
  • Supply blocks, unpowered buildings, or Contaminate may cause inaccurate times.
  • Supply counts are checked every 10 seconds.